 Dungeon Sprint DCSS version 0.31-a0-851-g7ff8af7976 (webtiles) character file.

Game seed: 207751452512032311

1170 AiryTheDragon the Grappler (level 8, -6/94 HPs)
             Began as a Pale Draconian Shapeshifter on Oct 8, 2023.
             Was a Follower of Jiyva.
             Mangled by Sonja
             ... wielding a +2 dagger of distortion
              (14 damage)
             ... in the Dungeon (Sprint I: "Red Sonja").
             The game lasted 00:11:42 (321 turns).

AiryTheDragon the Grappler (DrSh)                    Turns: 321, Time: 00:11:46

Health: -6/94      AC: 24    Str: 19    XL:     8   Next: 17%
Magic:  8/8        EV:  2    Int: 11    God:    Jiyva [*.....]
Gold:   31         SH:  0    Dex: 10    Spells: 7/7 levels left

rFire   . . .        j - +0 club
rCold   . . .        (no shield)
rNeg    . . .        (body armour unavailable)
rPois   +            (helmet currently unavailable)
rElec   .            (cloak currently unavailable)
rCorr   .            (gloves currently unavailable)
SInv    .            (boots currently unavailable)
Will    .....        (no amulet)
Stlth   +            (no ring)
HPRegen 1.15/turn    (no ring)
MPRegen 0.36/turn

%: no teleportation
@: confused, tree-form, ambrosia-drunk, hasted, very quick
A: stationary, stasis, torment immunity, boosted hp, (breathe steam), AC +6,
unfitting armour, (cold-blooded), (steam resistance)
a: Renounce Religion


You were in the Dungeon.
You worshipped Jiyva.
Jiyva was aware of your devotion.
You were a tree.
You visited 1 branch You collected 297 gold pieces.
You spent 266 gold pieces at shops.

Inventory:

Hand Weapons
 e - a +0 scythe
 j - a +0 club (weapon)
Talismans
 b - a beast talisman
 c - a flux talisman
Wands
 h - a wand of flame (8)
Potions
 d - 2 potions of attraction {unknown}
 g - 2 potions of magic
 i - a potion of curing
 l - a potion of cancellation


   Skills:
 + Level 3.4 Fighting
 + Level 4.9 Dodging
 + Level 0.6 Stealth
 + Level 10.8 Unarmed Combat
 * Level 8.5 Evocations
 + Level 10.6 Shapeshifting


You had 7 spell levels left.
You didn't know any spells.
Your spell library was empty.

Dungeon Overview and Level Annotations

Branches:
Dungeon (1/1)

Altars:
Cheibriados
Dithmenos
Elyvilon
Fedhas
Gozag
Hepliaklqana
Kikubaaqudgha
Makhleb
Nemelex Xobeh
Okawaru
Qazlal
Ru
Sif Muna
Trog
Uskayaw
Vehumet
Wu Jian
Xom
Yredelemnul
Zin
The Shining One
Jiyva
Lugonu

Shops:
D !

Annotations:
D Sonja


Innate Abilities, Weirdness & Mutations

You are a tree.
Your roots penetrate the ground, keeping you stationary.
You cannot be teleported.
You are immune to unholy pain and torment.
Your maximum health is greatly increased.
Your equipment is partially melded.
((You can breathe blasts of scalding, opaque steam.))
((Your pale cyan-grey scales are hard. (AC +6)))
You cannot fit into any form of body armour.
((You are cold-blooded and may be slowed by cold attacks.))
((You are immune to the effects of steam.))


Message History

Aim: Sonja, wielding a +2 dagger of distortion, quivering curare-tipped darts and carrying a wand of flame (purple smoke, moderately wounded, 33% to hit)
The puff of flame hits the centaur warrior!
You kill the centaur warrior!
Sonja throws a curare-tipped dart.
The curare-tipped dart hits you.
Your Fighting skill increases to level 3!
Your Unarmed Combat skill increases to level 10!
Your Evocations skill gained 2 levels and is now at level 8!
Your Shapeshifting skill increases to level 10!
You have reached level 8!
You feel clever.
Aiming: Throw Flame
Press: ? - help, Shift-Dir - straight line, f/p - Sonja
Aim: Sonja, wielding a +2 dagger of distortion, quivering curare-tipped darts and carrying a wand of flame (purple smoke, moderately wounded, 37% to hit)
Okay, then.
You are confused.
You feel invigorated.
Sonja zaps a wand.
The puff of flame hits you.
* * * LOW HITPOINT WARNING * * *
You are too confused!
You cannot move. (Use ctrl+direction or * direction to attack while stationary and confused.)
You attack the stone wall.
Sonja zaps a wand.
The puff of flame hits you!
* * * LOW HITPOINT WARNING * * *
You attack the stone wall.
Sonja zaps a wand.
The puff of flame hits you but does no damage.
You completely miss Sonja.
Sonja is moderately wounded.
Sonja hits you but does no damage. Sonja barely misses you.
Sonja hits you but does no damage.
You completely miss Sonja.
Sonja is moderately wounded.
Sonja hits you with a +2 dagger of distortion.
Space warps horribly around you!
* * * LOW HITPOINT WARNING * * *
Sonja hits you but does no damage. x2
You hear a distant slurping noise.
Sonja hits you but does no damage. Space warps horribly around you!
* * * LOW HITPOINT WARNING * * *
Sonja hits you with a +2 dagger of distortion.
* * * LOW HITPOINT WARNING * * *
Space warps horribly around you!
You die...

###################
#<.#..'..#..'..#__#
#..'[.#..'[.#..'..+
#..#####'#####'#__# #
#).####..#...#♣####§.#
#..#__####..##K#~§~§c#
#..#_____##'#_..~c~..§
#⌠⌠#_.∩...'..._#~~~..#
####_..__##_.#+##+####
#_____###.# #######
#.# ... ..G#


You could see Sonja.

Vanquished Creatures
  A centaur warrior (D)
  A slime creature (D)
  Sigmund (D)
  A yak (D)
  An ogre (D)
  Ijyb (D)
6 creatures vanquished.

Vanquished Creatures (others)
  A shining eye (D)
  2 unseen horrors (D)
  A floating eye (D)
  7 necrophages (D)
  9 jellies (D)
20 creatures vanquished.

Grand Total: 26 creatures vanquished

Notes
Turn   | Place    | Note
-------+----------+-------------------------------------------
     0 | D        | AiryTheDragon the Draconian Shapeshifter began the quest
                  | for the Orb.
     0 | D        | Reached XP level 1. HP: 16/16 MP: 1/1
     2 | D        | Noticed Ijyb
     7 | D        | Killed Ijyb
     8 | D        | Reached XP level 2. HP: 23/23 MP: 2/2
    59 | D        | Noticed an ogre
    68 | D        | Killed an ogre
    69 | D        | Reached XP level 3. HP: 28/28 MP: 3/3
    69 | D        | Reached XP level 4. HP: 35/35 MP: 4/4
    90 | D        | Noticed Sigmund
   104 | D        | HP: 1/32 [something (7)]
   109 | D        | Killed Sigmund
   110 | D        | Reached XP level 5. HP: 41/41 MP: 5/5
   110 | D        | Reached XP level 6. HP: 48/48 MP: 6/6
   123 | D        | Found a burning altar of Makhleb.
   123 | D        | Found a viscous altar of Jiyva.
   123 | D        | Found a shimmering altar of Xom.
   123 | D        | Found a corrupted altar of Lugonu.
   123 | D        | Noticed a slime creature
   133 | D        | Killed a slime creature
   134 | D        | Reached skill level 5 in Evocations
   260 | D        | Became a worshipper of Jiyva Jischat the Shapeless
   262 | D        | Found an ornate altar of the Wu Jian Council.
   262 | D        | Found a shimmering blue altar of Sif Muna.
   264 | D        | Found a radiant altar of Vehumet.
   270 | D        | Found Wuonow's Distillery.
   270 | D        | Found an ancient bone altar of Kikubaaqudgha.
   270 | D        | Found a hazy altar of Hepliaklqana.
   270 | D        | Found a stormy altar of Qazlal.
   270 | D        | Found a hide-covered altar of Uskayaw.
   270 | D        | Found a blossoming altar of Fedhas.
   270 | D        | Found a bloodstained altar of Trog.
   270 | D        | Found an iron altar of Okawaru.
   270 | D        | Found a basalt altar of Yredelemnul.
   270 | D        | Found a glowing golden altar of the Shining One.
   270 | D        | Found a snail-covered altar of Cheibriados.
   270 | D        | Found a sacrificial altar of Ru.
   270 | D        | Found a glowing silver altar of Zin.
   270 | D        | Found a shadowy altar of Dithmenos.
   270 | D        | Found a white marble altar of Elyvilon.
   270 | D        | Noticed a yak
   275 | D        | Killed a yak
   276 | D        | Your scales start taking on a pale cyan-grey colour.
   276 | D        | Reached XP level 7. HP: 28/56 MP: 7/7
   276 | D        | Gained mutation: You are immune to the effects of steam.
                  | [Pale Draconian growth]
   277 | D        | Found an opulent altar of Gozag.
   291 | D        | Found a sparkling altar of Nemelex Xobeh.
   295 | D        | Bought a potion of curing for 42 gold pieces
   295 | D        | Bought a potion of ambrosia for 112 gold pieces
   295 | D        | Bought a potion of cancellation for 112 gold pieces
   298 | D        | Noticed a shining eye
   299 | D        | Noticed Sonja
   302 | D        | Noticed a centaur warrior
   302 | D        | Noticed a centaur warrior
   304 | D        | Killed an unseen horror
   305 | D        | Killed a shining eye
   307 | D        | Reached * piety under Jiyva
   310 | D        | Killed an unseen horror
   315 | D        | Killed a centaur warrior
   316 | D        | Reached skill level 10 in Unarmed Combat
   316 | D        | Reached skill level 10 in Shapeshifting
   316 | D        | Reached XP level 8. HP: 19/63 MP: 8/8
   321 | D        | Mangled by Sonja

Illustrated notes

Levels and vault maps discovered:
D:        dungeon_sprint_1 [red_sonja_temple_1, red_sonja_temple_small_1]

Skill      XL: |  1  2  3  4  5  6  7 |
---------------+----------------------+-----
Dodging        | 2 3 4 |  4.9
Unarmed Combat | 4 6 8 9 10 | 10.8
Shapeshifting  | 4 6 7 9 10 | 10.6
Evocations     | 2 4 6 8 |  8.5
Fighting       | 2 3 |  3.4
Stealth        | |  0.6

Action                     |  1- 3 |  4- 6 |  7- 9 || total
---------------------------+-------+-------+-------++-------
  Melee: Unarmed           |     4 |    24 |       ||    28
         Tailslap          |     2 |     5 |       ||     7
         Club              |       |       |     3 ||     3
         Punch             |       |       |     1 ||     1
  Evoke: Wand              |     6 |     1 |     8 ||    15
    Use: Potion            |     1 |     2 |     3 ||     6
         Scroll            |     1 |       |       ||     1
 Armour: Skin              |     1 |    18 |    21 ||    40
  Dodge: Dodged            |     1 |     3 |     3 ||     7
   Form: Flux              |       |     1 |       ||     1

Table legend: (Time is in decaauts)
 A = Elapsed time spent in this place.
 B = Non-inter-level travel time spent in this place.
 C = Inter-level travel time spent in this place.
 D = Time resting spent in this place.
 E = Time spent auto-exploring this place.
 F = Levels seen in this place.
 G = Mean time per level.
                   A        B        C        D        E       F      G
               +--------+--------+--------+--------+--------+-----+--------+
         Total |    327 |    327 |      0 |    185 |      0 |   1 |  327.0 |
       Dungeon |    327 |    327 |      0 |    185 |      0 |   1 |  327.0 |
               +--------+--------+--------+--------+--------+-----+--------+

Top non-repeatable levels by time:
       D: 327 daAuts
